 Dungeon Crawl Stone Soup version 0.23.2-32-g37ab1d4649 (webtiles) character file.

Game seed: 13985744538701960749

14325 EcosseEcosse the Cleaver (level 11, -8/101 HPs)
             Began as a Minotaur Fighter on June 25, 2019.
             Was an Elder of Trog.
             Blown up by an orb spider (38 damage)
             ... with an orb of destruction
             ... on level 1 of the Spider Nest.
             The game lasted 00:42:01 (10201 turns).

EcosseEcosse the Cleaver (Minotaur Fighter)        Turns: 10201, Time: 00:42:01

Health: -8/101     AC: 18    Str: 21    XL:     11   Next: 87%
Magic:  10/10      EV: 24    Int:  5    God:    Trog [****..]
Gold:   508        SH: 12    Dex: 13    Spells: 10/10 levels left

rFire    + . .     SeeInvis .   a - +2 war axe
rCold    . . .     Gourm    .   c - +0 shield
rNeg     . . .     Faith    .   q - +7 chain mail
rPois    +         Spirit   .   (helmet restricted)
rElec    .         Reflect  .   (no cloak)
rCorr    .         Harm     .   (no gloves)
MR       .....                  (no boots)
Stlth    ..........             B - amulet of the acrobat
HPRegen  0.26/turn              i - ring of poison resistance
MPRegen  0.12/turn              o - ring of protection from fire

@: lethally poisoned (-8 -> -17), acrobat
A: retaliatory headbutt, horns 2
a: Berserk, Trog's Hand, Brothers in Arms, Renounce Religion


You were on level 1 of the Spider Nest.
You worshipped Trog.
Trog was greatly pleased with you.
You were hungry.

You visited 4 branches of the dungeon, and saw 14 of its levels.

You collected 669 gold pieces.
You spent 161 gold pieces at shops.

Inventory:

Hand Weapons
 a - a +2 war axe (weapon)
 y - a +1 mace of crushing
Missiles
 h - 10 tomahawks (quivered)
Armour
 b - a +0 scale mail
 c - a +0 shield (worn)
 q - a +7 chain mail (worn)
 I - a +1 plate armour of poison resistance
Jewellery
 i - a ring of poison resistance (left hand)
 o - a ring of protection from fire (right hand)
 B - an amulet of the acrobat (around neck)
 J - an uncursed ring of see invisible
Wands
 u - a wand of flame (13)
 A - a wand of random effects (24)
 G - a wand of digging (6)
Scrolls
 g - 4 scrolls of fog
 j - 8 scrolls of teleportation
 k - 2 scrolls of fear
 t - 2 scrolls of magic mapping {unknown}
 w - 6 scrolls of remove curse
 E - a scroll of blinking {unknown}
 F - 2 scrolls of summoning {unknown}
Potions
 d - 2 potions of might
 e - 3 potions of invisibility
 l - a potion of berserk rage {unknown}
 n - a potion of brilliance {unknown}
 p - a potion of flight {unknown}
 r - a potion of degeneration {unknown}
 s - 2 potions of ambrosia
 v - a potion of lignification {unknown}
 x - a potion of agility {unknown}
 C - a potion of magic {unknown}
 D - a potion of mutation {unknown}
 H - 2 potions of haste {unknown}
Comestibles
 f - 11 rations


   Skills:
 + Level 10.3 Fighting
 + Level 14.8 Axes
 + Level 0.3 Throwing
 + Level 10.3 Armour
 + Level 4.5 Dodging
 + Level 0.6 Stealth
 + Level 9.8 Shields


You had 10 spell levels left.
You didn't know any spells.
Your spell library contained the following spells:

 Spells                   Type           Power        Failure   Level  Hunger
 Magic Dart               Conj           #...         100%        1    ##.....
 Blink                    Tloc           N/A          100%        2    ###....
 Call Imp                 Summ           #.......     100%        2    ###....
 Slow                     Hex            #.......     100%        2    ###....
 Conjure Flame            Conj/Fire      #.......     100%        3    ####...
 Mephitic Cloud           Conj/Pois/Air  #.......     100%        3    ####...


Dungeon Overview and Level Annotations

Branches:
Dungeon (10/15)            Temple (1/1) D:6            Lair (2/6) D:10
 Spider (1/4) Lair:2
  Swamp: Lair:2-4    Shoals: Lair:2-4       Orc: D:9-12

Altars:
Ashenzari
Cheibriados
Dithmenos
Elyvilon
Fedhas
Hepliaklqana
Kikubaaqudgha
Okawaru
Qazlal
Ru
Trog
Uskayaw
Vehumet
Wu Jian
Xom
Yredelemnul
Zin
Jiyva

Shops:
D:5 ?   D:8 }


Innate Abilities, Weirdness & Mutations

You reflexively headbutt those who attack you in melee.
You have a pair of horns on your head.


Message History

You feel sick. You block the jumping spider's attack.
The jumping spider misses you. The jumping spider pounces on you!
You are caught in a web!
The jumping spider bites you but does no damage.
There is a web, spattered with blood here.
The web tears apart.
You feel sick.
The jumping spider barely misses you. x2
You slash the jumping spider! You headbutt the jumping spider!
The jumping spider is severely wounded.
You feel sick.
The jumping spider leaps!
A jumping spider comes into view.
You feel sick.
The jumping spider hisses angrily.
The jumping spider leaps!
The orb spider weaves a glowing orb of energy.
The jumping spider leaps!
You block the jumping spider's attack. The jumping spider barely misses you.
An orb of destruction comes into view.
You feel sick.
The jumping spider leaps!
You feel sick. The orb of destruction hits you!!!
You die...

..#.#.#.....#....#######.
##....^...#......^.....^.
...............#..#.....#.
...........#..............
#.......##...†#s...#.[....
..#.....#......°..#....#..
.#....#.....#..#☼.........
#...[<.......#..○.#°[...#
##...##........#@....#.(
#...##...........$...s....
........^.#...##.#........
...#........#.#.........#.
#...........#.............
###.##...#..#.....s#.#..#.
#. ..........#...######
#........#...#####
............^


You could see an orb spider and 2 jumping spiders.

Vanquished Creatures
  A two-headed ogre (D:10)
  An orb spider (Spider:1)
  2 spiny frogs
  A demonic crawler (Lair:2)
  3 komodo dragons
  A jumping spider (Lair:2)
  A hornet (Spider:1)
  4 polar bears (Lair:1)
  Grinder (D:3)
  5 hippogriffs
  2 redbacks (Spider:1)
  10 yaks
  2 hungry ghosts
  A basilisk (Lair:2)
  Grum (D:8)
  A steam dragon (D:10)
  3 wargs (D:10)
  6 porcupines
  2 phantoms
  A black bear (D:10)
  6 orc warriors
  2 sky beasts
  A necrophage (D:7)
  8 centaurs
  2 wolves (D:8)
  An ogre (D:7)
  A crocodile (Lair:1)
  A big kobold (D:9)
  11 bullfrogs
  4 scorpions
  12 killer bees
  A water moccasin skeleton (D:5)
  5 wights (D:10)
  5 howler monkeys
  4 crimson imps
  2 centaur zombies
  A bullfrog zombie (D:6)
  A quasit (D:10)
  A jelly (D:8)
  5 hounds
  3 bullfrog skeletons
  7 orc priests
  3 iguanas (D:7)
  Terence (D:3)
  9 worker ants
  9 orc wizards
  3 hound skeletons
  A howler monkey zombie (D:5)
  Robin (D:3)
  10 gnolls
  14 adders
  3 shadow imps
  3 oozes (D:3)
  2 adder skeletons
  9 worms
  3 dart slugs
  9 leopard geckos
  43 orcs
  A ball python (D:2)
  2 giant cockroaches
  9 hobgoblins
  18 jackals
  5 kobolds
  3 quokkas
  8 bats
  5 frilled lizards
  14 goblins
  2 quokka zombies (D:5)
  8 rats
  3 fungi
  A plant (D:10)
335 creatures vanquished.

Vanquished Creatures (others)
  A fungus (Lair:1)
  A plant (Lair:1)
2 creatures vanquished.

Grand Total: 337 creatures vanquished

Notes
Turn   | Place    | Note
-------+----------+-------------------------------------------
     0 | D:1      | EcosseEcosse the Minotaur Fighter began the quest for the
                  | Orb.
     0 | D:1      | Reached XP level 1. HP: 19/19 MP: 0/0
   251 | D:1      | Reached XP level 2. HP: 23/27 MP: 1/1
   454 | D:2      | Reached XP level 3. HP: 31/33 MP: 2/2
   587 | D:2      | Found an ancient bone altar of Kikubaaqudgha.
   605 | D:2      | Reached skill level 3 in Axes
   962 | D:2      | Reached XP level 4. HP: 29/40 MP: 3/3
  1064 | D:2      | You fall through a shaft!
  1064 | D:3      | Found a blossoming altar of Fedhas.
  1181 | D:3      | Reached skill level 4 in Axes
  1202 | D:3      | Reached XP level 5. HP: 32/46 MP: 4/4
  1210 | D:3      | Noticed Terence
  1226 | D:3      | Killed Terence
  1228 | D:3      | Noticed Robin
  1254 | D:3      | Killed Robin
  1529 | D:3      | Noticed Grinder
  1570 | D:3      | Paralysed by Grinder for 5 turns
  1586 | D:3      | Killed Grinder
  1586 | D:3      | Reached skill level 5 in Axes
  1586 | D:3      | Reached skill level 5 in Armour
  1586 | D:3      | Reached skill level 1 in Dodging
  1586 | D:3      | Reached skill level 5 in Shields
  1586 | D:3      | Reached XP level 6. HP: 20/53 MP: 5/5
  1984 | D:3      | Reached skill level 6 in Axes
  2210 | D:4      | Found a sacrificial altar of Ru.
  2320 | D:4      | Reached XP level 7. HP: 60/60 MP: 6/6
  2498 | D:5      | Entered Level 5 of the Dungeon
  2535 | D:4      | Reached skill level 7 in Axes
  2831 | D:5      | Reached skill level 5 in Fighting
  2838 | D:5      | Found an ornate altar of the Wu Jian Council.
  3018 | D:5      | Reached skill level 8 in Axes
  3068 | D:5      | Reached XP level 8. HP: 63/68 MP: 7/7
  3225 | D:5      | Found a snail-covered altar of Cheibriados.
  3366 | D:5      | Found Rashrih's Magic Scroll Boutique.
  3377 | D:5      | Bought a scroll of identify for 28 gold pieces
  3377 | D:5      | Bought a scroll of enchant armour for 105 gold pieces
  3377 | D:5      | Bought a scroll of identify for 28 gold pieces
  3507 | D:6      | Found a staircase to the Ecumenical Temple.
  3527 | Temple   | Entered the Ecumenical Temple
  3540 | Temple   | Became a worshipper of Trog the Wrathful
  3704 | D:6      | Found a hazy altar of Hepliaklqana.
  3791 | D:6      | Found a white marble altar of Elyvilon.
  3823 | D:6      | Reached skill level 9 in Axes
  4109 | D:7      | Found a glowing silver altar of Zin.
  4157 | D:7      | Reached * piety under Trog
  4173 | D:7      | Found a basalt altar of Yredelemnul.
  4209 | D:7      | Reached skill level 10 in Axes
  4234 | D:7      | Reached XP level 9. HP: 62/75 MP: 8/8
  4664 | D:7      | Found a shimmering altar of Xom.
  4705 | D:7      | Reached skill level 11 in Axes
  5021 | D:8      | Found Beixu's Gadget Shoppe.
  5023 | D:8      | Found a basalt altar of Yredelemnul.
  5054 | D:8      | Reached ** piety under Trog
  5237 | D:8      | Noticed Grum
  5261 | D:8      | Killed Grum
  5404 | D:8      | Found a hide-covered altar of Uskayaw.
  5404 | D:8      | Noticed a +0 dagger
  5404 | D:8      | Noticed a +0 hand axe
  5542 | D:8      | Reached skill level 12 in Axes
  5614 | D:9      | Found a shadowy altar of Dithmenos.
  5697 | D:9      | Reached XP level 10. HP: 69/88 MP: 9/9
  5857 | D:9      | Found a shattered altar of Ashenzari.
  6029 | D:9      | Reached *** piety under Trog
  6659 | D:9      | Reached skill level 13 in Axes
  6784 | D:10     | Entered Level 10 of the Dungeon
  6903 | D:10     | Found a staircase to the Lair.
  7533 | D:10     | Noticed a two-headed ogre
  7643 | D:10     | Reached XP level 11. HP: 97/97 MP: 10/10
  7650 | D:10     | Killed a two-headed ogre
  7686 | D:10     | Reached **** piety under Trog
  7884 | Lair:1   | Entered Level 1 of the Lair of Beasts
  7897 | Lair:1   | Reached skill level 14 in Axes
  9020 | Lair:2   | Reached skill level 10 in Fighting
  9549 | Lair:2   | Found a hole to the Spider Nest.
  9595 | Lair:2   | Found a radiant altar of Vehumet.
  9685 | Lair:2   | Reached skill level 10 in Armour
  9751 | Spider:1 | Entered Level 1 of the Spider Nest
  9754 | Spider:1 | Noticed an orb spider
 10166 | Spider:1 | Killed an orb spider
 10191 | Spider:1 | Noticed an orb spider
 10201 | Spider:1 | Blown up by an orb spider

Skill      XL: |  1  2  3  4  5  6  7  8  9 10 11 |
---------------+----------------------------------+-----
Shields        | 4 5 6 7 8 9 |  9.8
Armour         | 4 5 6 7 9 10 | 10.3
Fighting       | 4 5 6 8 9 10 | 10.3
Axes           | 3 4 5 6 8 10 12 13 14 | 14.8
Dodging        | 1 2 4 |  4.5
Throwing       | |  0.3
Stealth        | |  0.6

Action                   |  1- 3 |  4- 6 |  7- 9 | 10-12 || total
-------------------------+-------+-------+-------+-------++-------
Melee: War axe           |    81 |   120 |   367 |   444 ||  1012
       Headbutt          |    12 |    15 |    62 |   102 ||   191
Throw: Tomahawk          |       |       |       |     4 ||     4
Invok: Trog's Hand       |       |       |     1 |       ||     1
       Berserk           |       |       |       |     2 ||     2
  Use: Scroll            |       |     8 |    11 |     6 ||    25
       Potion            |       |     1 |       |     6 ||     7
 Stab: Distracted        |       |       |       |     1 ||     1
  Eat: Chunk             |       |     1 |     9 |    10 ||    20
       Ration            |       |     1 |     2 |     2 ||     5
Armor: Scale mail        |    53 |    36 |       |       ||    89
       Chain mail        |       |    13 |   183 |   234 ||   430
Dodge: Dodged            |    39 |    38 |    85 |   161 ||   323
Block: Shield            |    62 |    61 |   195 |   266 ||   584
